 Dungeon Crawl Stone Soup version 0.29-a0-284-gf9362112df (webtiles) character file.

Game seed: 17014206486922084967

45 dracfodder the Skirmisher (level 3, 0/23 HPs)
             Began as a Gargoyle Monk on Mar 27, 2022.
             Slain by a ball python (3 damage)
             ... on level 2 of the Dungeon.
             The game lasted 00:04:12 (1605 turns).

dracfodder the Skirmisher (Gargoyle Monk)           Turns: 1605, Time: 00:04:13

Health: 0/23       AC:  5    Str: 16    XL:     3   Next: 64%
Magic:  3/3        EV: 12    Int: 10    God:
Gold:   38         SH:  0    Dex: 12    Spells: 2/2 levels left

rFire   . . .      SeeInvis .     - Unarmed
rCold   . . .      Faith    .   (no shield)
rNeg    + . .      Spirit   .   a - +0 robe
rPois   ∞          Reflect  .   (no helmet)
rElec   +          Harm     .   (no cloak)
rCorr   .          Rampage  .   (no gloves)
Will    .....                   (no boots)
Stlth   ++........              (no amulet)
HPRegen 0.07/turn               (no ring)
MPRegen 0.08/turn               (no ring)

@: no status effects
A: sickness immunity, AC +3, negative energy resistance 1, electricity
resistance, torment resistance 1, petrification resistance
a: no special abilities


You were on level 2 of the Dungeon.
You visited 1 branch of the dungeon, and saw 2 of its levels.

You collected 38 gold pieces.

Inventory:

Armour
 a - a +0 robe (worn)
Scrolls
 c - a scroll of vulnerability {unknown}
 d - a scroll of blinking {unknown}
 e - 3 scrolls of identify {unknown}
Potions
 b - a potion of ambrosia
 f - a potion of curing {unknown}
 g - a potion of brilliance {unknown}


   Skills:
 + Level 3.6 Fighting
 + Level 2.9 Dodging
 + Level 2.5 Stealth
 + Level 3.6 Unarmed Combat


You had 2 spell levels left.
You didn't know any spells.
Your spell library was empty.

Dungeon Overview and Level Annotations

Branches:
Dungeon (2/15)

Altars:

Shops:
D:1 [([


Innate Abilities, Weirdness & Mutations

You are immune to sickness and miasma.
Your stone body is resilient. (AC +3)
You are immune to poison.
You resist negative energy. (rN+)
You are resistant to electric shocks. (rElec)
You are resistant to unholy torment.
You are immune to petrification.


Message History

You hit the hobgoblin.
The hobgoblin is almost dead.
The ball python completely misses you. The ball python barely misses you.
The hobgoblin hits you but does no damage.
You hit the hobgoblin but do no damage.
The hobgoblin is almost dead.
The ball python closely misses you. The ball python grabs you.
The ball python constricts you.
* * * LOW HITPOINT WARNING * * *
The hobgoblin closely misses you.
You barely miss the hobgoblin.
The hobgoblin is almost dead.
The ball python bites you but does no damage.
The ball python constricts you. The hobgoblin closely misses you.
The ball python barely misses you. The ball python constricts you.
You closely miss the hobgoblin.
The hobgoblin is almost dead.
The hobgoblin hits you.
* * * LOW HITPOINT WARNING * * *
The ball python bites you but does no damage.
The ball python constricts you.
You punch the hobgoblin!
You kill the hobgoblin!
The ball python bites you but does no damage.
The ball python constricts you.
You escape the ball python's grasp.
Things that are here:
a +0 leather armour; 9 gold pieces; a ball python corpse The ball python attacks as you move away!
The ball python closely misses you. The ball python barely misses you.
The ball python attacks as you move away!
The ball python barely misses you. x2
The ball python closely misses you. The ball python grabs you.
The ball python constricts you.
You escape the ball python's grasp.
Found an escape hatch in the floor.
The frilled lizard hisses angrily.
You hit the ball python.
The ball python is severely wounded.
The ball python bites you.
You die...

## ... .... .....
......##########
.......@S......##
l>....###.#####[##
..... #.#.....#.####
....
#..≈.....§#...####
###
#.#≈§≈.§§§≈.#.....#
..#..≈.≈§≈§≈..#.....
#..
...≈.≈≈≈≈≈≈#..### #.
#.§..≈._≈......#
..≈.≈≈§§≈≈#..###


You could see a ball python and a frilled lizard.

Vanquished Creatures
  An adder (D:2)
  A worm (D:2)
  A dart slug (D:1)
  3 bats (D:1)
  An endoplasm (D:1)
  5 giant cockroaches
  3 goblins
  2 hobgoblins
  2 kobolds (D:1)
  2 quokkas
  4 ball pythons
  A frilled lizard (D:1)
  2 rats (D:1)
28 creatures vanquished.

Notes
Turn   | Place    | Note
-------+----------+-------------------------------------------
     0 | D:1      | dracfodder the Gargoyle Monk began the quest for the Orb.
     0 | D:1      | Reached XP level 1. HP: 14/14 MP: 1/1
   197 | D:1      | Found Zoamos's Weapon Boutique.
   226 | D:1      | Found Ronlar's Armour Emporium.
   251 | D:1      | Reached XP level 2. HP: 19/19 MP: 2/2
   781 | D:1      | Found Ostif's Armour Shoppe.
   801 | D:1      | Reached XP level 3. HP: 23/23 MP: 3/3
  1536 | D:2      | Found a faded altar of an unknown god.
  1605 | D:2      | Slain by a ball python

Illustrated notes

Levels and vault maps discovered:
D:1:      lightli_arrival_statue_moat, layout_loops_ring, serial_shops,
          nicolae_shop_statue_plus, shop, nicolae_shop_bloodbath_and_beyond,
          chequers_serial_rivers_large_b
D:2:      layout_basic, shapermc_ecumenical_altar_starsandcircs, serial_shops,
          shop, serial_curves, eino_curves_04, eino_curves_04,
          dreamdust_wishing_well, uniq_crazy_yiuf_cottage

Action                   || total
-------------------------++-------
Melee: Unarmed           ||   156
       Punch             ||     2
Throw: Boomerang         ||     8
 Stab: Sleeping          ||     3
Armor: Robe              ||    56
Dodge: Dodged            ||   107

Table legend: (Time is in decaauts)
 A = Elapsed time spent in this place.
 B = Non-inter-level travel time spent in this place.
 C = Inter-level travel time spent in this place.
 D = Time resting spent in this place.
 E = Time spent auto-exploring this place.
 F = Levels seen in this place.
 G = Mean time per level.
                   A        B        C        D        E       F      G
               +--------+--------+--------+--------+--------+-----+--------+
         Total |   1645 |   1612 |     33 |      0 |   1321 |   2 |  822.5 |
       Dungeon |   1645 |   1612 |     33 |      0 |   1321 |   2 |  822.5 |
               +--------+--------+--------+--------+--------+-----+--------+

Top non-repeatable levels by time:
     D:1: 1294 daAuts
     D:2: 351 daAuts
